[Event "Titled Tuesday Blitz April 11 Early 2023"]
[White "Mazurkiewicz, Michal"]
[Black "Ambartsumova, Karina"]
[WhiteFideId "1124943"]
[BlackFideId "4166299"]
[WhiteElo "2054"]
[BlackElo "2240"]
[Result "0-1"]
[Round "11"]
[TimeControl "180+2"]
[Date "2023.04.11"]
[WhiteClock "0:00:05"]
[BlackClock "0:00:12"]

1. e4 c5 2. Nf3 Nc6 3. g3 e6 4. d3 Nf6 5. Bg2 g6 6. O-O Bg7 7. Re1 d6 8. c3 e5 9. d4 O-O 10. d5 Ne7 11. c4 h6 12. Nc3 Nh7 13. a3 f5 14. b4 b6 15. b5 fxe4 16. Nxe4 Bg4 17. h3 Bxf3 18. Bxf3 Nf5 19. Bg4 Nd4 20. Be3 Kh8 21. Bxd4 cxd4 22. Qd3 h5 23. Bf3 Rf5 24. h4 Qf8 25. Bg2 Bh6 26. Bh3 Rf3 27. Qd1 Rd8 28. Bg2 Rf7 29. Qd3 Qg7 30. a4 Nf6 31. a5 Ng4 32. Bh3 Rdf8 33. Bxg4 hxg4 34. axb6 axb6 35. Ra6 Rf3 36. Qd1 Qc7 37. Rf1 Qxc4 38. Rxb6 Qxd5 39. Nxd6 Be3 40. Qb1 Rxg3+ 41. Kh2 Qg2# 0-1


[Site "https://www.chess.com"]

[Event "Titled Tuesday Blitz April 11 Early 2023"]
[White "wqws"]
[Black "Arat, Ufuk Sezen"]
[BlackFideId "6309089"]
[WhiteElo "2603"]
[BlackElo "2289"]
[Result "1/2-1/2"]
[Round "11"]
[TimeControl "180+2"]
[Date "2023.04.11"]
[WhiteClock "0:00:09"]
[BlackClock "0:00:24"]

1. e4 c5 2. Nf3 e6 3. d4 cxd4 4. Nxd4 Nc6 5. Nc3 Qc7 6. a3 a6 7. Be3 b5 8. Be2 Bb7 9. Nxc6 dxc6 10. O-O Rd8 11. Qe1 Nf6 12. f4 c5 13. e5 Nd5 14. Nxd5 Bxd5 15. a4 c4 16. axb5 Bc5 17. Qf2 Bxe3 18. Qxe3 axb5 19. Ra7 Qc6 20. Rfa1 O-O 21. R1a6 Qe8 22. h4 Ra8 23. h5 h6 24. Qc5 Qd8 25. Qd6 Qh4 26. Rxa8 Qe1+ 27. Bf1 Bxa8 28. Qd4 Bd5 29. f5 Kh7 30. Ra7 Qc1 31. f6 Qg5 32. Qc5 Kg8 33. Qd4 Qxh5 34. Rc7 Qg6 35. b3 gxf6 36. exf6 Kh7 37. bxc4 bxc4 38. Rxc4 Bxc4 39. Bxc4 Kg8 40. Bd3 e5 41. Qxe5 Qg4 42. Qf5 Qxf5 43. Bxf5 Rd8 44. Kf2 Rd6 45. Ke3 Rxf6 46. Be4 Kf8 47. c4 Ke7 48. c5 Kd7 49. g4 Ra6 50. Kf4 Ke7 51. Ke5 Ra5 52. Kd5 Kd7 53. Bf5+ Kc7 54. Kd4 Kd8 55. Kd5 Ra1 56. Ke5 Ke7 57. c6 Rc1 58. Bd7 Rc5+ 59. Kf4 Kf6 60. Ke4 Ke7 61. Kd4 Kd6 62. Ke4 f6 63. Kf4 Ra5 64. Ke4 Re5+ 65. Kf4 Ke7 66. Kf3 Rc5 67. Kf4 Kf7 68. Ke4 Kg6 69. Kd4 Rc1 70. Kd5 Rd1+ 71. Ke6 Re1+ 72. Kd6 Rd1+ 73. Ke7 Re1+ 74. Kd8 Rc1 75. c7 h5 76. Be8+ Kg5 77. gxh5 f5 78. c8=Q Rxc8+ 79. Kxc8 f4 80. Bc6 Kxh5 81. Kd7 Kg4 82. Ke6 f3 83. Ke5 f2 84. Bb5 Kf3 85. Kd4 Kg3 86. Ke3 Kh2 87. Kxf2 1/2-1/2


[Site "https://www.chess.com"]

[Event "Titled Tuesday Blitz April 11 Early 2023"]
[White "Ruiz Aguilar, Pablo Alexander"]
[Black "Moussard, Jules"]
[WhiteFideId "4401352"]
[BlackFideId "642908"]
[WhiteElo "2138"]
[BlackElo "2610"]
[Result "0-1"]
[Round "11"]
[TimeControl "180+2"]
[Date "2023.04.11"]
[WhiteClock "0:00:15"]
[BlackClock "0:01:12"]

1. e4 g6 2. Nf3 Bg7 3. d4 d6 4. h3 a6 5. c3 Nf6 6. Bd3 O-O 7. O-O Nc6 8. Re1 e5 9. dxe5 Nxe5 10. Nxe5 dxe5 11. Qe2 Nh5 12. Be3 Qf6 13. Nd2 Nf4 14. Bxf4 Qxf4 15. Nc4 h5 16. Ne3 c6 17. Rad1 b5 18. a4 Be6 19. a5 Rfd8 20. Nc2 Bb3 21. Ra1 Rd6 22. Ne3 Rad8 23. g3 Qf6 24. Ra3 Be6 25. c4 b4 26. Rb3 Bf8 27. Rc1 h4 28. Kg2 hxg3 29. fxg3 Bh6 30. Rf1 Qg5 31. Nd5 cxd5 32. cxd5 Rxd5 33. exd5 Bxd5+ 34. Kh2 Bxb3 35. Bc4 Rd2 0-1


[Site "https://www.chess.com"]

[Event "Titled Tuesday Blitz April 11 Early 2023"]
[White "Dominguez Pons, Eric"]
[Black "Salinas Herrera, Pablo"]
[WhiteFideId "2262916"]
[BlackFideId "3407128"]
[WhiteElo "2302"]
[BlackElo "2546"]
[Result "0-1"]
[Round "11"]
[TimeControl "180+2"]
[Date "2023.04.11"]
[WhiteClock "0:00:40"]
[BlackClock "0:01:21"]

1. d4 d5 2. Nf3 Nf6 3. e3 Bg4 4. h3 Bxf3 5. Qxf3 c6 6. c4 e6 7. Nc3 Nbd7 8. Bd3 Bb4 9. Bd2 O-O 10. O-O Qe7 11. a3 Bxc3 12. Bxc3 e5 13. dxe5 Nxe5 14. Bxe5 Qxe5 15. Rab1 Rad8 16. Qe2 d4 17. e4 Rfe8 18. f4 Qe7 19. e5 Nd7 20. Rbe1 Nf8 21. g3 c5 22. h4 a6 23. Kh2 Qc7 24. f5 Re7 25. f6 gxf6 26. Qg4+ Ng6 27. h5 Rxe5 28. hxg6 hxg6 29. Rxe5 fxe5 30. Bxg6 fxg6 31. Qxg6+ Qg7 32. Qe6+ Kh8 33. Rf6 Rd7 34. Rh6+ Qxh6+ 35. Qxh6+ Rh7 0-1


[Site "https://www.chess.com"]

[Event "Titled Tuesday Blitz April 11 Early 2023"]
[White "Mikhailovsky, Vladimir"]
[Black "Nguyen, Hong Anh"]
[WhiteFideId "34105414"]
[BlackFideId "12406732"]
[WhiteElo "2275"]
[BlackElo "2054"]
[Result "0-1"]
[Round "11"]
[TimeControl "180+2"]
[Date "2023.04.11"]
[WhiteClock "0:00:01"]
[BlackClock "0:00:46"]

1. g4 d5 2. Bg2 Bxg4 3. c4 e6 4. Qb3 Nd7 5. Qxb7 Ngf6 6. cxd5 exd5 7. Nc3 Be6 8. Nf3 Bd6 9. Nd4 O-O 10. d3 Re8 11. Bg5 Rb8 12. Qxa7 Rxb2 13. Nb3 Bb4 14. Bd2 Bg4 15. f3 Bf5 16. Nd1 Rc2 17. Ne3 Rxd2 18. Nxd2 Bc5 19. Qa5 Bxe3 20. Nf1 Bb6 21. Qd2 Qa8 22. Qc2 Nc5 23. Kd1 Bd7 24. a4 Nxa4 25. Nd2 Qa5 0-1


[Site "https://www.chess.com"]

[Event "Titled Tuesday Blitz April 11 Early 2023"]
[White "Korchmar, Vasiliy"]
[Black "Shuvalov, Evgenij"]
[WhiteFideId "24131750"]
[BlackFideId "4187237"]
[WhiteElo "2370"]
[BlackElo "2080"]
[Result "1-0"]
[Round "11"]
[TimeControl "180+2"]
[Date "2023.04.11"]
[WhiteClock "0:00:49"]
[BlackClock "0:00:05"]

1. Nf3 Nf6 2. c4 g6 3. b3 Bg7 4. Bb2 O-O 5. g3 c6 6. Bg2 d5 7. O-O a5 8. cxd5 cxd5 9. Nc3 Nc6 10. Nb5 Qb6 11. a4 Bg4 12. h3 Bxf3 13. Bxf3 Rfd8 14. Rc1 Rac8 15. d3 Ne8 16. Ba3 Bf8 17. Bc5 Qa6 18. h4 h5 19. Qd2 Ne5 20. Bg2 Ng4 21. Bh3 Rc6 22. Nd4 Rxc5 23. Rxc5 e5 24. Rxa5 Qb6 25. Nc2 Qxb3 26. Rb5 Qxa4 27. Rxb7 Nd6 28. Rb4 Qa2 29. Bxg4 hxg4 30. Ra1 Nc4 31. dxc4 Bxb4 32. Qg5 Qxc2 33. Qxd8+ Kg7 34. Ra8 Qb1+ 35. Kh2 Qf1 36. Qh8# 1-0


[Site "https://www.chess.com"]

[Event "Titled Tuesday Blitz April 11 Early 2023"]
[White "Karttunen, Mika"]
[Black "Womacka, Mathias"]
[WhiteFideId "502081"]
[BlackFideId "4611390"]
[WhiteElo "2396"]
[BlackElo "2377"]
[Result "1-0"]
[Round "11"]
[TimeControl "180+2"]
[Date "2023.04.11"]
[WhiteClock "0:00:16"]
[BlackClock "0:00:02"]

1. e4 c5 2. Nf3 d6 3. d4 cxd4 4. Nxd4 Nf6 5. Nc3 a6 6. f3 e5 7. Nb3 Be7 8. Be3 Be6 9. Qd2 O-O 10. O-O-O Nbd7 11. g4 Qc7 12. Kb1 b5 13. g5 Nh5 14. Nd5 Bxd5 15. exd5 Nb6 16. Na5 Nxd5 17. Qxd5 Qxa5 18. Bd3 g6 19. Be4 Rac8 20. Qb7 Rc7 21. Bb6 Rxb7 22. Bxa5 Rbb8 23. Bc7 Rbc8 24. Bxd6 Rfe8 25. Bxe7 Rxe7 26. Rd6 a5 27. Rhd1 Nf4 28. Rb6 Nh3 29. Rxb5 Nxg5 30. Rxa5 f5 31. Bd5+ Kg7 32. h4 Ne6 33. Bxe6 Rxe6 34. Ra7+ Kf6 35. Rdd7 e4 36. f4 Rec6 37. Rf7+ Ke6 38. Rae7+ Kd5 39. c3 Re6 40. Rd7+ Rd6 41. Rxd6+ Kxd6 42. Kc2 Re8 43. Kd2 e3+ 44. Ke2 Re4 45. Rxh7 Rxf4 46. Kxe3 Rg4 47. h5 g5 48. a4 f4+ 49. Ke4 Rg3 50. h6 Re3+ 51. Kd4 Rh3 52. Rg7 Ke6 53. Rxg5 Rxh6 54. Re5+ Kd6 55. Ke4 Rh4 56. Rd5+ Ke6 57. Ra5 1-0


[Site "https://www.chess.com"]

[Event "Titled Tuesday Blitz April 11 Early 2023"]
[White "Kvaloy, Aksel Bu"]
[Black "Reprintsev, Alexander"]
[WhiteFideId "1528815"]
[BlackFideId "14100541"]
[WhiteElo "2208"]
[BlackElo "2211"]
[Result "0-1"]
[Round "11"]
[TimeControl "180+2"]
[Date "2023.04.11"]
[WhiteClock "0:01:06"]
[BlackClock "0:00:50"]

1. d4 d5 2. c4 e5 3. dxe5 d4 4. Nf3 Nc6 5. a3 g6 6. e3 Bg4 7. exd4 Bxf3 8. Qxf3 Nxd4 9. Qxb7 Nc2+ 10. Ke2 Bg7 11. Ra2 Ne7 12. b4 Nd4+ 13. Ke1 Bxe5 14. Qe4 Bg7 15. f3 O-O 16. Kf2 Re8 17. Bg5 c5 18. b5 Qc8 19. Bxe7 Nf5 20. g4 Rxe7 21. Qd3 Bd4+ 22. Kg2 Ne3+ 23. Kh3 h5 24. Be2 hxg4+ 25. fxg4 Nd5 26. cxd5 Re3+ 27. Qxe3 Bxe3 28. Nc3 Bd4 29. Ne4 Kg7 30. Bc4 Qh8+ 31. Kg2 Re8 32. Re2 Qh4 33. h3 Rxe4 34. Rc2 Re3 35. Rh2 Qg3+ 36. Kf1 Re1# 0-1


[Site "https://www.chess.com"]

[Event "Titled Tuesday Blitz April 11 Early 2023"]
[White "Leebit02"]
[Black "Piesik, Piotr"]
[BlackFideId "1136194"]
[WhiteElo "2466"]
[BlackElo "2299"]
[Result "1-0"]
[Round "11"]
[TimeControl "180+2"]
[Date "2023.04.11"]
[WhiteClock "0:01:11"]
[BlackClock "0:01:46"]

1. e4 g6 2. d4 Bg7 3. Nc3 c6 4. h4 h5 5. Nf3 d5 6. Ng5 dxe4 7. Bc4 Nh6 8. Be3 O-O 9. Ncxe4 Nf5 10. c3 Nxe3 11. fxe3 e5 12. O-O Bg4 13. Qb3 Qb6 14. Bxf7+ Kh8 15. Qc2 Bf5 16. Rxf5 gxf5 17. Qe2 Rxf7 18. Qxh5+ Kg8 19. Qxf7+ Kh8 20. Qe8+ 1-0


[Site "https://www.chess.com"]

[Event "Titled Tuesday Blitz April 11 Early 2023"]
[White "Dzagnidze, Nana"]
[Black "Omariev, Maksim"]
[WhiteFideId "13601903"]
[BlackFideId "4193423"]
[WhiteElo "2406"]
[BlackElo "2459"]
[Result "1-0"]
[Round "11"]
[TimeControl "180+2"]
[Date "2023.04.11"]
[WhiteClock "0:00:13"]
[BlackClock "0:00:03"]

1. c4 e5 2. Nc3 h5 3. Nf3 Nc6 4. d4 d6 5. d5 Nce7 6. e4 h4 7. h3 Ng6 8. Be3 Be7 9. b4 a5 10. a3 Nf6 11. c5 Nh5 12. Bb5+ Kf8 13. cxd6 Bxd6 14. O-O axb4 15. axb4 Rxa1 16. Qxa1 Bxb4 17. Rc1 Nhf4 18. Ne2 Nxe2+ 19. Bxe2 Qe7 20. Qa8 Qd8 21. Qb8 Bd6 22. Bc5 Ke7 23. Bxd6+ Kxd6 24. Qa7 Ke7 25. Qc5+ Qd6 26. Qxc7+ Qxc7 27. Rxc7+ Kf6 28. Bb5 Rd8 29. Kf1 Nf4 30. Nxh4 g6 31. Nf3 g5 32. Ne1 g4 33. hxg4 Bxg4 34. f3 Bh5 35. Nd3 Nxd3 36. Bxd3 Rb8 37. Bb5 Kg5 38. Kf2 f5 39. exf5 Kxf5 40. g4+ Bxg4 41. fxg4+ Kxg4 42. Ke3 Kf5 43. Bd3+ e4 44. Bxe4+ Ke5 45. Re7+ Kd6 46. Re6+ Kc5 47. d6 b5 48. d7 Rd8 49. Bc6 Kb6 50. Re8 Rb8 51. Rxb8+ Ka7 52. d8=Q b4 53. Qb6# 1-0


[Site "https://www.chess.com"]

[Event "Titled Tuesday Blitz April 11 Early 2023"]
[White "Gonzalez, Francisco Silva"]
[Black "Vlassov, Nikolai"]
[WhiteFideId "1512285"]
[BlackFideId "4103360"]
[WhiteElo "2074"]
[BlackElo "2324"]
[Result "1-0"]
[Round "11"]
[TimeControl "180+2"]
[Date "2023.04.11"]
[WhiteClock "0:01:10"]
[BlackClock "0:00:03"]

1. d4 Nf6 2. c4 Nc6 3. Nf3 e6 4. a3 g6 5. Nc3 Bg7 6. h3 O-O 7. Bg5 h6 8. Bh4 d6 9. e3 e5 10. Be2 Bf5 11. g4 Bd7 12. d5 Ne7 13. Bd3 Qe8 14. Qc2 Nh7 15. Rg1 f5 16. gxf5 gxf5 17. Be2 Ng6 18. Bg3 f4 19. Bh2 Bf5 20. Bd3 e4 21. Nxe4 fxe3 22. fxe3 Bxb2 23. Rb1 Bg7 24. Ke2 Kh8 25. Nxd6 Bxd3+ 26. Qxd3 cxd6 27. Rxg6 Qf7 28. Bf4 Rae8 29. Kd2 Ng5 30. Nxg5 hxg5 31. Bxg5 Qf2+ 32. Qe2 Bc3+ 33. Kd3 Qf5+ 34. Kxc3 Qxg6 35. Rg1 Qg7+ 36. Kc2 Qh7+ 37. Kc1 Rf5 38. h4 Ref8 39. Qb2+ 1-0


[Site "https://www.chess.com"]

[Event "Titled Tuesday Blitz April 11 Early 2023"]
[White "Ibadov, Dashgyn"]
[Black "Reefat, Bin-Sattar"]
[WhiteFideId "24107514"]
[BlackFideId "10200207"]
[WhiteElo "2208"]
[BlackElo "2462"]
[Result "0-1"]
[Round "11"]
[TimeControl "180+2"]
[Date "2023.04.11"]
[WhiteClock "0:00:03"]
[BlackClock "0:00:10"]

1. e4 e6 2. d4 d5 3. Nc3 Nf6 4. e5 Nfd7 5. Nce2 c5 6. c3 Nc6 7. Nf3 b5 8. Nf4 b4 9. c4 Nb6 10. cxd5 Nxd5 11. Bb5 Qb6 12. Nxd5 exd5 13. Bxc6+ Qxc6 14. dxc5 Ba6 15. Be3 Be7 16. Rc1 O-O 17. Nd4 Qg6 18. Qf3 Rfe8 19. Ne2 Qd3 20. Nf4 Qb5 21. Nxd5 Rac8 22. b3 Bxc5 23. Rc4 Bb7 24. O-O Bxe3 25. e6 Bxd5 26. Qxf7+ Kh8 27. Rxc8 Rxc8 28. fxe3 Qe8 29. Qxa7 Qxe6 30. Qd4 h6 31. h3 Rc2 32. Rf2 Rxf2 33. Kxf2 Qe4 34. Qxe4 Bxe4 35. Kg3 g5 36. h4 Kg7 37. hxg5 hxg5 38. Kg4 Kg6 39. g3 Bb1 40. Kf3 Bxa2 41. Ke4 Bxb3 42. Kd4 Be6 0-1


[Site "https://www.chess.com"]

[Event "Titled Tuesday Blitz April 11 Early 2023"]
[White "ArtemDyachuk"]
[Black "Petre, Nad-Titus"]
[BlackFideId "1204165"]
[WhiteElo "2421"]
[BlackElo "2354"]
[Result "1-0"]
[Round "11"]
[TimeControl "180+2"]
[Date "2023.04.11"]
[WhiteClock "0:00:02"]
[BlackClock "0:00:07"]

1. Nf3 Nf6 2. c4 d6 3. Nc3 g6 4. g3 Bg7 5. Bg2 O-O 6. O-O Nc6 7. Rb1 a5 8. a3 Bf5 9. d3 Qd7 10. Re1 Bh3 11. Bh1 h6 12. b4 axb4 13. axb4 Nh5 14. Bd2 e5 15. Qc1 Kh7 16. Nd5 Ra2 17. Nh4 Nd4 18. e3 Ne6 19. Bf3 Ng5 20. Bxh5 gxh5 21. e4 Qg4 22. Bxg5 hxg5 23. f3 Qe6 24. Qxg5 Qh6 25. Qxh6+ Bxh6 26. Nf6+ Kg7 27. Nxh5+ Kh8 28. Nf5 Rfa8 29. Nxh6 Rg2+ 30. Kh1 Raa2 31. Nxf7+ Kg8 32. Nh6+ Kh7 33. Ng4 Bxg4 34. Nf6+ Kg6 35. Nxg4 Rgc2 36. Rg1 c6 37. Rgf1 Rc3 38. Rf2 Kg5 39. Rxa2 Rxd3 40. Ra8 Rxf3 41. Rg8+ Kh5 42. Kg2 Rc3 43. Kh3 Rc2 44. Rf1 Rxh2+ 45. Kxh2 d5 46. Rf5# 1-0


[Site "https://www.chess.com"]

[Event "Titled Tuesday Blitz April 11 Early 2023"]
[White "egorchess95"]
[Black "Rottenwohrer Suarez, Juan"]
[BlackFideId "32068182"]
[WhiteElo "2542"]
[BlackElo "2174"]
[Result "1-0"]
[Round "11"]
[TimeControl "180+2"]
[Date "2023.04.11"]
[WhiteClock "0:00:44"]
[BlackClock "0:00:03"]

1. e4 c5 2. Nf3 g6 3. d4 cxd4 4. Nxd4 Nc6 5. Be3 Nf6 6. Nc3 Bg7 7. Bc4 O-O 8. Bb3 d5 9. exd5 Na5 10. Nde2 a6 11. O-O b5 12. Nd4 Bb7 13. Re1 Nxb3 14. Nxb3 Nxd5 15. Bd4 Nxc3 16. bxc3 Qd5 17. Qg4 h5 18. Qg3 e6 19. Rad1 Rfd8 20. Rd3 Qf5 21. Nc5 Bd5 22. Bxg7 Kxg7 23. Re5 Qf6 24. Rxh5 Bxa2 25. Ne4 Qe7 26. Qe5+ f6 27. Nxf6 Qxf6 28. Rh7+ Kxh7 29. Qxf6 Rxd3 30. cxd3 a5 31. Qf7+ Kh6 32. Qf4+ Kh7 33. Qc7+ Kh6 34. c4 bxc4 35. dxc4 a4 36. Qb7 Rd8 37. h4 Bb3 38. Qb4 Rd7 39. Qf8+ Kh7 40. Qa3 Rc7 41. c5 Kg7 42. Kh2 Kf7 43. g4 Kf6 44. Kg3 Ke5 45. Qb4 Kd5 46. h5 gxh5 47. gxh5 Rxc5 48. h6 Rc7 49. Qd2+ Kc6 50. Qc3+ Kb7 51. Qxc7+ Kxc7 52. h7 1-0


[Site "https://www.chess.com"]

[Event "Titled Tuesday Blitz April 11 Early 2023"]
[White "Demin, Vladimir"]
[Black "Harriott, Tyrell"]
[WhiteFideId "4167457"]
[BlackFideId "2086484"]
[WhiteElo "2537"]
[BlackElo "2107"]
[Result "1-0"]
[Round "11"]
[TimeControl "180+2"]
[Date "2023.04.11"]
[WhiteClock "0:01:57"]
[BlackClock "0:00:31"]

1. e4 e6 2. d4 d5 3. Bd3 f5 4. exf5 exf5 5. Nf3 Nf6 6. O-O Bd6 7. c4 O-O 8. cxd5 Nxd5 9. Nc3 Nf4 10. Bc4+ Kh8 11. Nb5 Be6 12. Nxd6 Qxd6 13. Bxf4 Qxf4 14. Bxe6 Nc6 15. d5 Ne7 16. Qd4 Qh6 17. Qh4 Qxh4 18. Nxh4 f4 19. Nf3 Rad8 20. Ne5 Ra8 21. Rac1 c6 22. dxc6 Nxc6 23. Nxc6 bxc6 24. Rxc6 f3 25. b4 fxg2 26. Kxg2 Rab8 27. Rb1 Rf6 28. b5 Rbf8 29. Rb2 Rg6+ 30. Kf1 h5 31. a4 h4 32. a5 Re8 33. Bd7 Rxc6 34. Bxc6 Rb8 35. b6 axb6 36. a6 Rc8 37. a7 h3 38. a8=Q Rxa8 39. Bxa8 Kh7 40. Rxb6 g6 41. Rb3 Kh6 42. Rxh3+ Kg5 43. Rg3+ Kh5 44. Bf3+ Kh4 45. Kg2 1-0


[Site "https://www.chess.com"]

[Event "Titled Tuesday Blitz April 11 Early 2023"]
[White "Dushyant Sharma"]
[Black "Liew, Chee-Meng Jimmy"]
[WhiteFideId "25065130"]
[BlackFideId "5700019"]
[WhiteElo "2198"]
[BlackElo "2245"]
[Result "1-0"]
[Round "11"]
[TimeControl "180+2"]
[Date "2023.04.11"]
[WhiteClock "0:00:39"]
[BlackClock "0:00:05"]

1. e4 e6 2. d4 d5 3. exd5 exd5 4. Bd3 Nf6 5. Nf3 Bd6 6. O-O O-O 7. Ne5 c6 8. c3 Nbd7 9. f4 Ne4 10. Bxe4 dxe4 11. Nd2 f5 12. Qb3+ Kh8 13. Nf7+ Rxf7 14. Qxf7 Nf6 15. Nc4 Qe7 16. Nxd6 Qxd6 17. Qc4 Be6 18. Qe2 Re8 19. Be3 Bd5 20. c4 Bf7 21. Rac1 Ng4 22. h3 Nf6 23. Rfd1 Bh5 24. Qf2 Bxd1 25. Rxd1 Rd8 26. a3 Qe6 27. b3 h6 28. Kh2 Qf7 29. Qe2 Kh7 30. b4 Rd7 31. a4 Qe7 32. b5 Qb4 33. Qc2 Qd6 34. d5 cxd5 35. c5 Qc7 36. Bd4 Qxf4+ 37. Kh1 Nh5 38. Rb1 Ng3+ 39. Kg1 e3 40. Qd3 Re7 41. c6 bxc6 42. bxc6 e2 43. Bf2 Nf1 44. g3 Qd2 45. Qxf5+ g6 46. Qf6 Rg7 47. Rb7 Rxb7 48. cxb7 Qb4 49. Qf7+ Kh8 50. Qe8+ Kh7 51. b8=Q Qxb8 52. Qxb8 d4 53. Qc7+ Kg8 54. Qd8+ Kh7 55. Qe7+ Kg8 56. Qe8+ Kh7 57. Qf7+ Kh8 58. Bxd4# 1-0


[Site "https://www.chess.com"]

[Event "Titled Tuesday Blitz April 11 Early 2023"]
[White "Haub, Thorsten Michael"]
[Black "Lehtosaari, Mauri"]
[WhiteFideId "4610776"]
[BlackFideId "501999"]
[WhiteElo "2344"]
[BlackElo "2522"]
[Result "1-0"]
[Round "11"]
[TimeControl "180+2"]
[Date "2023.04.11"]
[WhiteClock "0:01:11"]
[BlackClock "0:00:02"]

1. g3 d5 2. Bg2 Nf6 3. d3 c6 4. Nd2 g6 5. e4 dxe4 6. dxe4 Bg7 7. Ngf3 O-O 8. O-O Bg4 9. h3 Bxf3 10. Qxf3 Nbd7 11. Qe2 e5 12. a4 a5 13. h4 Nc5 14. Rd1 Qe7 15. Nc4 h6 16. b3 Qc7 17. Ba3 b6 18. Bxc5 bxc5 19. Bh3 Rfd8 20. c3 Rab8 21. Rxd8+ Rxd8 22. Rd1 Rxd1+ 23. Qxd1 Nxe4 24. Qe1 f5 25. Bg2 Qd7 26. Bxe4 fxe4 27. Qxe4 Qd1+ 28. Kg2 Qxb3 29. Nxa5 Qxc3 30. Nxc6 c4 31. a5 Kh8 32. a6 Qa1 33. a7 c3 34. Na5 c2 35. a8=Q+ Kh7 36. Qxc2 1-0


[Site "https://www.chess.com"]

[Event "Titled Tuesday Blitz April 11 Early 2023"]
[White "Dobre, Claudiu-Cristian"]
[Black "Orujov2008"]
[WhiteFideId "1211854"]
[WhiteElo "2207"]
[BlackElo "2333"]
[Result "1-0"]
[Round "11"]
[TimeControl "180+2"]
[Date "2023.04.11"]
[WhiteClock "0:01:08"]
[BlackClock "0:00:33"]

1. e4 e5 2. Nf3 Nf6 3. Nxe5 Nxe4 4. Qe2 Qe7 5. Qxe4 d6 6. d4 dxe5 7. Qxe5 Qxe5+ 8. dxe5 Nc6 9. Bb5 Bd7 10. O-O Nxe5 11. Re1 f6 12. Bxd7+ Kxd7 13. Nc3 Bb4 14. Bd2 Rhe8 15. Rad1 Kc6 16. a3 Bxc3 17. Bxc3 Nc4 18. Kf1 b5 19. Rxe8 Rxe8 20. Rd3 a5 21. b3 Nxa3 22. Bxa5 Re5 23. Bb4 Nb1 24. Rd1 Re4 25. c3 Rxb4 26. cxb4 Na3 27. Rc1+ Kd6 28. Ke2 1-0


[Site "https://www.chess.com"]

[Event "Titled Tuesday Blitz April 11 Early 2023"]
[White "Sai Han Thiha"]
[Black "Akylbek2021"]
[WhiteFideId "13012290"]
[WhiteElo "1954"]
[BlackElo "2354"]
[Result "0-1"]
[Round "11"]
[TimeControl "180+2"]
[Date "2023.04.11"]
[WhiteClock "0:00:04"]
[BlackClock "0:00:12"]

1. d4 Nf6 2. c4 g6 3. Nc3 Bg7 4. e4 d6 5. Nf3 O-O 6. Be2 Bg4 7. Be3 Nfd7 8. Qd2 e5 9. d5 Bxf3 10. gxf3 f5 11. exf5 Rxf5 12. Ne4 Qh4 13. O-O-O Rf4 14. Rdg1 Na6 15. Rg4 Qe7 16. h4 Nac5 17. Nxc5 Nxc5 18. Bxc5 dxc5 19. h5 Rxg4 20. fxg4 Rf8 21. Qe3 e4 22. hxg6 hxg6 23. f4 Qf6 24. Qd2 Qxf4 25. Qxf4 Rxf4 26. Kd2 Bd4 27. Rh2 Kg7 28. b3 Rf6 29. a3 c6 30. b4 cxb4 31. axb4 cxd5 32. cxd5 Rb6 33. b5 a6 34. Rh1 axb5 35. Rc1 b4 36. Rc7+ Kf6 37. d6 Rxd6 38. Rxb7 Bb6+ 39. Ke1 Ke5 40. Rf7 b3 41. Bd1 Ba5+ 42. Ke2 Rd2+ 43. Ke3 Rxd1 44. Re7+ Kd6 45. Ra7 Bb6+ 46. Kxe4 Bxa7 47. g5 b2 48. Kf4 b1=Q 49. Kg4 Qf5+ 50. Kh4 Bf2# 0-1


[Site "https://www.chess.com"]

[Event "Titled Tuesday Blitz April 11 Early 2023"]
[White "De Souza, Cristiano Gomes"]
[Black "Novikov, Evgenij"]
[WhiteFideId "2151758"]
[BlackFideId "4125380"]
[WhiteElo "2068"]
[BlackElo "2242"]
[Result "1-0"]
[Round "11"]
[TimeControl "180+2"]
[Date "2023.04.11"]
[WhiteClock "0:00:15"]
[BlackClock "0:00:03"]

1. d4 Nf6 2. c4 c5 3. d5 b5 4. cxb5 g6 5. g3 Bg7 6. Bg2 d6 7. Nf3 a6 8. bxa6 Bxa6 9. Nc3 O-O 10. O-O Nbd7 11. Qc2 Qc7 12. b3 Rfb8 13. Rd1 c4 14. Nd4 cxb3 15. axb3 Ne5 16. Nc6 Rc8 17. Bb2 Bb7 18. Nb5 Qd7 19. Rxa8 Rxa8 20. Nxe5 Qxb5 21. Nc6 Kf8 22. Qc4 Qxc4 23. bxc4 Ra2 24. Rb1 Bxc6 25. dxc6 Ne8 26. Bxg7+ Kxg7 27. Bf3 Ra7 28. Rb7 Ra8 29. Rxe7 Rc8 30. Rd7 Kf6 31. Bd5 Ke5 32. Rxf7 h5 33. Re7+ Kd4 34. Re6 g5 35. Rh6 h4 36. gxh4 gxh4 37. Rxh4+ Kc5 38. Kg2 Nf6 39. Rf4 Nxd5 40. cxd5 Kxd5 41. Rf5+ Ke6 42. Rf3 Rxc6 43. Re3+ Kf5 44. Rd3 Ke4 45. Re3+ Kf5 46. Rg3 d5 47. h4 Rh6 48. Kh3 d4 49. Rg5+ Ke4 50. Rg8 Rf6 51. Re8+ Kd5 52. f3 Kc4 53. Re4 Kc3 54. Kg4 Rd6 55. h5 Kd2 56. Kg5 Rd5+ 57. Kg6 Rd6+ 58. Kf5 Rd5+ 59. Re5 Rxe5+ 60. Kxe5 Kxe2 61. Kxd4 Kxf3 62. h6 1-0


[Site "https://www.chess.com"]

[Event "Titled Tuesday Blitz April 11 Early 2023"]
[White "Aung Thant Zin"]
[Black "Lorenzo De La Riva, Lazaro"]
[WhiteFideId "13000063"]
[BlackFideId "2268809"]
[WhiteElo "2278"]
[BlackElo "2294"]
[Result "0-1"]
[Round "11"]
[TimeControl "180+2"]
[Date "2023.04.11"]
[WhiteClock "0:00:10"]
[BlackClock "0:00:51"]

1. e4 d5 2. exd5 Qd7 3. d4 g6 4. Nf3 Bg7 5. c4 Nf6 6. Nc3 O-O 7. Bg5 a6 8. Qd2 c6 9. dxc6 bxc6 10. O-O-O a5 11. Bh6 a4 12. a3 Qb7 13. Bxg7 Kxg7 14. Bd3 Be6 15. h3 Qb3 16. Qc2 Bxc4 17. Qxb3 Bxb3 18. Rde1 e6 19. Nd2 Bd5 20. f3 Nbd7 21. Nde4 Rfb8 22. Re2 Nb6 23. Rhe1 Nc4 24. Bxc4 Bxc4 25. Rd2 Bd5 26. Nc5 Bb3 27. f4 Nd5 28. g3 h5 29. N3e4 h4 30. Rf1 hxg3 31. Nxg3 Rh8 32. Nxb3 axb3 33. Rd3 Rab8 34. Rff3 Rh4 35. Rxb3 Rd8 36. Ne2 Ne7 37. a4 Ra8 38. Ra3 Rh5 39. b4 Nd5 40. Rfb3 Nb6 41. a5 Nc4 42. Ra2 Nd6 43. Rc2 Ra6 44. Rc5 Rh4 45. Rbc3 Ra8 46. Rxc6 Ne4 47. Re3 Nf6 48. Nc3 Rxf4 49. Rd3 Rf5 50. a6 g5 51. b5 Nd7 52. d5 e5 53. Ne4 Rf1+ 54. Kb2 Rf4 55. Nxg5 Rb4+ 56. Kc3 Rxb5 57. Rc7 Nb6 58. Rxf7+ Kg6 59. h4 Rc8+ 60. Kd2 Nxd5 61. Rd7 Nf4 62. R3d6+ Kf5 63. Rf7+ Kg4 64. Ne6 Rb2+ 65. Ke3 Rc3+ 66. Ke4 Re2# 0-1


[Site "https://www.chess.com"]